Construct Section Command Post
Construct Platoon Command Post
Unlock M3 Stuart Light Tanks
Construct Company Command Post
6-pounder Anti-tank Gun Team
Unlock M3 Grant Medium Tanks
Selects Heavy Armor Battlegroup
Selects Engineer Detachments
Selects Forward Repair Assembly
Selects Light Vehicle Withdraw and Refit
Selects Engineer Detachments
Selects Forward Repair Assembly
Selects Light Vehicle Withdraw and Refit
Selects UNKNOWN (2162094)
6-pounder Anti-tank Gun Team